 Dungeon Crawl Stone Soup version 0.30-a0-223-gcb0039aa0c (webtiles) character file.

Game seed: 14218066840204422466

1786 qw the Cleaver (level 9, -1/56 HPs)
             Began as a Gargoyle Fighter on Oct 9, 2022.
             Was an Initiate of Okawaru.
             Slain by a two-headed ogre
             ... wielding a +0 giant club
              (7 damage)
             ... on level 6 of the Dungeon.
             The game lasted 00:02:11 (5325 turns).

qw the Cleaver (Gargoyle Fighter)                   Turns: 5325, Time: 00:02:12

Health: -1/56      AC: 17    Str: 28    XL:     9   Next: 8%
Magic:  9/9        EV:  8    Int:  8    God:    Okawaru [......]
Gold:   233        SH:  4    Dex:  8    Spells: 8/8 levels left

rFire   . . .      SeeInvis .    g - +2 war axe (vamp)
rCold   . . .      Faith    .    c - +0 buckler
rNeg    + . .      Spirit   .    e - +0 chain mail
rPois   inf        Reflect  .    (helmet restricted)
rElec   +          Harm     .    (no cloak)
rCorr   .          Rampage  .    (no gloves)
Will    .....      Clarity  +    a - +0 pair of boots
Stlth   ..........               (no amulet)
HPRegen 0.29/turn                (no ring)
MPRegen 0.11/turn                (no ring)

@: about to teleport
A: sickness immunity, AC +6, negative energy resistance 1, electricity
resistance, torment resistance 1, petrification resistance, horns 1, clarity,
strong 1
a: Renounce Religion


You were on level 6 of the Dungeon.
You worshipped Okawaru.
Okawaru was noncommittal.
You visited 2 branches of the dungeon, and saw 7 of its levels.

You collected 233 gold pieces.


Innate Abilities, Weirdness & Mutations

You are immune to sickness and miasma.
Your stone body is resilient. (AC +6)
You are immune to poison.
You resist negative energy. (rN+)
You are resistant to electric shocks. (rElec)
You are resistant to unholy torment.
You are immune to petrification.
You have a pair of small horns on your head.
You possess an exceptional clarity of mind.
Your muscles are strong. (Str +4, Int/Dex -1)


   Skills:
 - Level 6.3 Fighting
 - Level 9.1 Axes
 - Level 4.6 Armour
 - Level 1.1 Dodging
 + Level 3.2 Shields


You had 8 spell levels left.
You didn't know any spells.
Your spell library was empty.

Inventory:

Hand Weapons
 g - a +2 vampiric war axe (weapon)
 m - a +0 broad axe
 n - a +0 flail
Armour
 a - a +0 pair of boots (worn)
 c - a +0 buckler (worn)
 e - a +0 chain mail (worn)
 r - a +0 cloak
Scrolls
 o - a scroll of identify
Potions
 b - a potion of mutation
 d - a potion of might
 f - a potion of haste
 i - a potion of degeneration {unknown}
 j - a potion of cancellation
 l - a potion of attraction {unknown}
 p - 4 potions of curing
 q - a potion of lignification {unknown}

Dungeon Overview and Level Annotations

Branches:
Dungeon (6/15)             Temple (1/1) D:5

Altars:
Ashenzari
Dithmenos
Kikubaaqudgha
Okawaru
Uskayaw
Vehumet
Wu Jian
Xom
Yredelemnul

Shops:
D:4 *

Annotations:
D:4 2 runed translucent doors, qw's ghost, amateur GrFi


Message History

5308 ||| Stepping ~*~*~tactically~*~*~ (stealth).
Things that are here:
a +0 dagger; an orc corpse You start resting.
A two-headed ogre is nearby!
5314 ||| Stepping ~*~*~tactically~*~*~ (stealth).
The two-headed ogre shouts in stereo!
You barely miss the two-headed ogre. You headbutt the two-headed ogre.
The two-headed ogre is lightly wounded.
The two-headed ogre hits you with a +0 giant club!!
The two-headed ogre closely misses you.
You hit the two-headed ogre.
You feel better.
The two-headed ogre is moderately wounded.
The two-headed ogre closely misses you.
The two-headed ogre hits you with a +0 giant spiked club!
You slash the two-headed ogre!
You headbutt the two-headed ogre, but do no damage.
The two-headed ogre is moderately wounded.
You hit the two-headed ogre but do no damage.
The two-headed ogre is moderately wounded.
The two-headed ogre completely misses you.
The two-headed ogre hits you with a +0 giant spiked club!
You closely miss the two-headed ogre.
The two-headed ogre is moderately wounded.
The two-headed ogre completely misses you.
You block the two-headed ogre's attack.
You completely miss the two-headed ogre.
The two-headed ogre is moderately wounded.
The two-headed ogre barely misses you. The two-headed ogre closely misses you.
You hit the two-headed ogre.
You feel better.
The two-headed ogre is heavily wounded.
You barely miss the two-headed ogre.
The two-headed ogre is heavily wounded.
The two-headed ogre hits you with a +0 giant club!
The two-headed ogre closely misses you.
5325 ||| READING scroll of teleportation.
As you read the scroll of teleportation, it crumbles to dust.
You feel strangely unstable.
The two-headed ogre hits you with a +0 giant club!
You die...

#####
#(..#
#####...#
#.......#
##.?.#
#).O@#
#.)####
....#
###.. )..
.... ....
..O.
#........


You could see a two-headed ogre.

Vanquished Creatures
  Grinder (D:3)
  A water moccasin (D:6)
  A sky beast (D:6)
  A black bear (D:6)
  5 ogres
  3 scorpions
  3 hounds
  A gnoll bouda (D:4)
  3 jellies
  Ijyb (D:3)
  Natasha (thrice) (D:4)
  2 iguanas
  2 orc wizards (D:6)
  7 gnolls
  9 adders
  A shadow imp (D:5)
  6 worms
  2 dart slugs
  7 orcs
  8 endoplasms
  A giant cockroach (D:2)
  10 goblins
  7 hobgoblins
  11 kobolds
  6 quokkas
  13 ball pythons
  5 bats
  A frilled lizard (D:2)
  6 rats
  A spectral orc (D:4)
128 creatures vanquished.

Notes
Turn   | Place    | Note
-------+----------+-------------------------------------------
     0 | D:1      | qw the Gargoyle Fighter began the quest for the Orb.
     0 | D:1      | Reached XP level 1. HP: 14/14 MP: 1/1
     0 | D:1      | 0 ||| qw: Version: 0.2-a-17-g06abaee
     0 | D:1      | 0 ||| qw: Game counter: 2167
     0 | D:1      | 0 ||| qw: Always use a shield: true
     0 | D:1      | 0 ||| qw: God list: Okawaru
     0 | D:1      | 0 ||| qw: Allow faded altars: false
     0 | D:1      | 0 ||| qw: Do Orc after D:15 true
     0 | D:1      | 0 ||| qw: Do second Lair branch before Depths: true
     0 | D:1      | 0 ||| qw: Lair rune preference: random
     0 | D:1      | 0 ||| qw: Plans: Normal, Zot:1-4, God:TSO, Crypt, Tomb,
                  | Pan, Slime:5, Hells, Abyss, Orb
     0 | D:1      | 0 ||| PLANNING D:1-11
    46 | D:1      | Reached skill level 2 in Axes
   160 | D:1      | 160 ||| Stepping ~*~*~tactically~*~*~ (stealth).
   171 | D:1      | Reached XP level 2. HP: 18/19 MP: 2/2
   248 | D:1      | 248 ||| DROPPING +0 club.
   375 | D:1      | 375 ||| Stepping ~*~*~tactically~*~*~ (stealth).
   519 | D:1      | Reached skill level 3 in Axes
   744 | D:1      | 744 ||| UPGRADING to +0 chain mail.
   754 | D:1      | 754 ||| DROPPING +0 scale mail.
   755 | D:1      | 755 ||| DROPPING orb of guile.
   818 | D:2      | Reached XP level 3. HP: 23/23 MP: 3/3
   819 | D:2      | 819 ||| Stepping ~*~*~tactically~*~*~ (stealth).
   857 | D:2      | 857 ||| Stepping ~*~*~tactically~*~*~ (stealth).
   921 | D:2      | 921 ||| Stepping ~*~*~tactically~*~*~ (stealth).
   924 | D:2      | 924 ||| Stepping ~*~*~tactically~*~*~ (stealth).
   971 | D:2      | 971 ||| Stepping ~*~*~tactically~*~*~ (stealth).
   982 | D:2      | Reached XP level 4. HP: 28/28 MP: 4/4
   988 | D:2      | 988 ||| DROPPING +0 whip.
  1012 | D:2      | Reached skill level 4 in Axes
  1066 | D:2      | 1066 ||| Stepping ~*~*~tactically~*~*~ (hiding).
  1114 | D:2      | 1114 ||| Stepping ~*~*~tactically~*~*~ (stealth).
  1254 | D:2      | 1254 ||| Stepping ~*~*~tactically~*~*~ (hiding).
  1313 | D:2      | 1313 ||| Stepping ~*~*~tactically~*~*~ (stealth).
  1381 | D:2      | Found a faded altar of an unknown god.
  1556 | D:2      | Reached XP level 5. HP: 32/32 MP: 5/5
  1570 | D:2      | Identified the +1 robe of Love and Death {Stlth+}
  1706 | D:2      | 1706 ||| READING scroll labelled QOADDO POTUOKH.
  1707 | D:2      | 1707 ||| READING 3 scrolls labelled TEGEFIOROIH.
  1712 | D:2      | 1712 ||| READING scroll labelled ASOPREHIPN.
  1713 | D:2      | 1713 ||| READING scroll labelled TYOXTI ZAD VIPTO.
  1714 | D:2      | 1714 ||| READING scroll labelled EGEBYE SUEBBIS.
  1738 | D:2      | 1738 ||| READING scroll labelled BEOM XETWASINN.
  1739 | D:2      | 1739 ||| DRINKING 2 fuming red potions.
  1858 | D:3      | 1858 ||| Stepping ~*~*~tactically~*~*~ (stealth).
  1945 | D:3      | Reached skill level 5 in Axes
  1960 | D:3      | 1960 ||| SWAPPING to +2 vampiric war axe.
  1961 | D:3      | 1961 ||| DROPPING +0 war axe.
  1995 | D:3      | Noticed Ijyb
  2000 | D:3      | Killed Ijyb
  2247 | D:3      | Noticed Grinder
  2259 | D:3      | Killed Grinder
  2260 | D:3      | Reached XP level 6. HP: 25/41 MP: 6/6
  2476 | D:3      | 2476 ||| READING 3 scrolls labelled MYITEJ VIPLUA.
  2477 | D:3      | 2477 ||| READING scroll labelled XIENNI OQITUXU.
  2478 | D:3      | 2478 ||| READING scroll labelled FUMAUKHL VIVEA.
  2479 | D:3      | 2479 ||| DRINKING 3 black potions.
  2479 | D:3      | Gained mutation: You occasionally lose the ability to read
                  | scrolls when taking damage. [potion of mutation]
  2480 | D:3      | 2480 ||| DRINKING 2 potions of mutation.
  2480 | D:3      | Lost mutation: You occasionally lose the ability to read
                  | scrolls when taking damage. [potion of mutation]
  2480 | D:3      | Gained mutation: Your muscles are strong. (Str +4, Int/Dex
                  | -1) [potion of mutation]
  2480 | D:3      | Gained mutation: You have a pair of small horns on your
                  | head. [potion of mutation]
  2480 | D:3      | Gained mutation: You possess an exceptional clarity of
                  | mind. [potion of mutation]
  2481 | D:3      | 2481 ||| DRINKING 2 puce potions.
  2582 | D:3      | 2582 ||| DRINKING 2 orange potions.
  2583 | D:3      | 2583 ||| DROPPING potion of ambrosia.
  2584 | D:3      | 2584 ||| DROPPING potion of invisibility.
  2585 | D:3      | 2585 ||| DROPPING 2 scrolls of poison.
  2619 | D:4      | 2619 ||| Stepping ~*~*~tactically~*~*~ (stealth).
  2653 | D:4      | Reached XP level 7. HP: 45/45 MP: 7/7
  2654 | D:4      | 2654 ||| Stepping ~*~*~tactically~*~*~ (stealth).
  2786 | D:4      | Reached skill level 6 in Axes
  2965 | D:4      | Reached skill level 1 in Dodging
  3071 | D:4      | Noticed Natasha
  3075 | D:4      | Killed Natasha
  3097 | D:4      | Identified the +4 dagger of Wu Jian's Regard {freeze, rElec
                  | rPois}
  3107 | D:4      | Noticed Natasha
  3112 | D:4      | Killed Natasha
  3171 | D:4      | Found a basalt altar of Yredelemnul.
  3256 | D:4      | Found a large runed translucent door.
  3256 | D:4      | Found a large runed translucent door.
  3261 | D:4      | Noticed qw's ghost (amateur GrFi)
  3315 | D:4      | Noticed Natasha
  3316 | D:4      | 3316 ||| Stepping ~*~*~tactically~*~*~ (hiding).
  3321 | D:4      | Killed Natasha
  3659 | D:4      | Found Eheitott's CLEARANCE SALE!.
  3717 | D:4      | 3717 ||| READING scroll labelled DUNUMP JUFE.
  3718 | D:4      | 3718 ||| READING 3 scrolls labelled YRYUB PIJOSEBUCE.
  3719 | D:4      | 3719 ||| READING scroll labelled WEBUSHR TEIHO TIF.
  3720 | D:4      | 3720 ||| DRINKING 3 metallic red potions.
  3721 | D:4      | 3721 ||| READING 2 scrolls of identify.
  3721 | D:4      | 3721 ||| IDENTIFYING golden potion
  3732 | D:5      | Entered Level 5 of the Dungeon
  3741 | D:5      | Reached skill level 7 in Axes
  3741 | D:5      | Reached XP level 8. HP: 51/51 MP: 8/8
  3741 | D:5      | Found a staircase to the Ecumenical Temple.
  3742 | D:5      | 3742 ||| PLANNING TEMPLE
  3750 | Temple   | Entered the Ecumenical Temple
  3866 | Temple   | 3866 ||| PLANNING OKAWARU WORSHIP
  3909 | Temple   | Became a worshipper of Warmaster Okawaru
  3910 | Temple   | 3910 ||| PLANNING D:1-11
  3930 | D:5      | 3930 ||| Stepping ~*~*~tactically~*~*~ (stealth).
  3987 | D:5      | 3987 ||| Stepping ~*~*~tactically~*~*~ (stealth).
  4661 | D:5      | Reached skill level 8 in Axes
  4712 | D:5      | Reached skill level 6 in Fighting
  5107 | D:5      | 5107 ||| UPGRADING to +0 pair of boots.
  5112 | D:5      | 5112 ||| READING 2 scrolls of identify.
  5112 | D:5      | 5112 ||| IDENTIFYING emerald potion
  5160 | D:6      | 5160 ||| FLEEEEING.
  5161 | D:6      | 5161 ||| FLEEEEING.
  5162 | D:6      | 5162 ||| FLEEEEING.
  5168 | D:6      | Reached * piety under Okawaru
  5170 | D:6      | Noticed a two-headed ogre
  5171 | D:6      | 5171 ||| Stepping ~*~*~tactically~*~*~ (stealth).
  5173 | D:6      | 5173 ||| INVOKING Heroism.
  5174 | D:6      | 5174 ||| INVOKING Heroism.
  5175 | D:6      | 5175 ||| INVOKING Heroism.
  5179 | D:6      | HP: 4/52 [two-headed ogre/+0 giant club (18)]
  5180 | D:6      | 5180 ||| READING 2 scrolls of teleportation.
  5180 | D:6      | HP: 1/52 [two-headed ogre/+0 giant club (3)]
  5181 | D:6      | 5181 ||| DRINKING potion of heal wounds.
  5193 | D:6      | 5193 ||| Stepping ~*~*~tactically~*~*~ (stealth).
  5242 | D:6      | 5242 ||| INVOKING Heroism.
  5255 | D:6      | Reached XP level 9. HP: 30/56 MP: 7/9
  5257 | D:6      | 5257 ||| INVOKING Heroism.
  5259 | D:6      | Reached skill level 9 in Axes
  5308 | D:6      | 5308 ||| Stepping ~*~*~tactically~*~*~ (stealth).
  5314 | D:6      | 5314 ||| Stepping ~*~*~tactically~*~*~ (stealth).
  5324 | D:6      | HP: 6/56 [two-headed ogre/+0 giant club (15)]
  5325 | D:6      | 5325 ||| READING scroll of teleportation.
  5325 | D:6      | Slain by a two-headed ogre

Levels and vault maps discovered:
D:1:      amcnicky_arrival_underground_garden, layout_basic,
          hangedman_decor_peaks_small
D:2:      minmay_chambers_of_twos, layout_rooms,
          shapermc_ecumenical_altar_mp_vishouse, grunt_ministairs_10
D:3:      layout_basic, minmay_ruptured, uniq_grinder, uniq_ijyb
D:4:      layout_loops_ring, yredelemnul_forgotten_temple_becter,
          ebering_ghost_disaster_area, nicolae_shop_clearance, uniq_natasha
D:5:      layout_layer_cave, minmay_temple_entry_tees
D:6:      lemuel_ice_spiral_2, layout_rooms, uniq_edmund
Temple:   hellmonk_temple_flake

Skill      XL: |  1  2  3  4  5  6  7  8  9 |
---------------+----------------------------+-----
Axes           | 2 3 4 5 7 8 9 |  9.1
Fighting       | 5 6 |  6.3
Dodging        | 1 |  1.1
Armour         | 4 |  4.6
Shields        | |  3.2

Action                   |  1- 3 |  4- 6 |  7- 9 || total
-------------------------+-------+-------+-------++-------
Melee: War axe           |   100 |   158 |   162 ||   420
       Headbutt          |       |     1 |    29 ||    30
Throw: Boomerang         |       |    10 |       ||    10
Invok: Heroism           |       |       |     3 ||     3
  Use: Scroll            |       |     9 |     7 ||    16
       Potion            |       |     5 |     2 ||     7
Armor: Scale mail        |    28 |       |       ||    28
       Chain mail        |    21 |    85 |    69 ||   175
Dodge: Dodged            |    40 |    50 |    48 ||   138
Block: Buckler           |     6 |    32 |    24 ||    62

Table legend:
 A = Non-vault XP
 B = Vault XP
 C = Vault XP percentage of total XP
 D = Non-vault monster count
 E = Vault monster count
 F = Vault count percentage of total count
                 A         B        C        D         E       F
            +---------+---------+-------+---------+---------+-------
      Total |    2151 |     401 |  15.7 |     111 |      17 |  13.3
            +---------+---------+-------+---------+---------+-------
        D:1 |      33 |       0 |   0.0 |      20 |       0 |   0.0
        D:2 |     102 |      32 |  23.9 |      28 |      10 |  26.3
        D:3 |      74 |     332 |  81.8 |      17 |       5 |  22.7
        D:4 |     550 |      37 |   6.3 |      25 |       2 |   7.4
        D:5 |     783 |       0 |   0.0 |      11 |       0 |   0.0
        D:6 |     609 |       0 |   0.0 |      10 |       0 |   0.0
            +---------+---------+-------+---------+---------+-------
